 Dungeon Crawl Stone Soup version 0.31-a0-188-g5e087ee2ca (webtiles) character file.

Game seed: 689330025362653614

1124 qw the Skirmisher (level 8, -5/46 HPs)
             Began as a Deep Elf Hunter on June 23, 2023.
             Slain by a jelly (6 damage)
             ... on level 5 of the Dungeon.
             The game lasted 00:01:49 (4252 turns).

qw the Skirmisher (Deep Elf Hunter)                 Turns: 4252, Time: 00:01:49

Health: -5/46      AC:  3    Str: 10    XL:     8   Next: 13%
Magic:  10/10      EV:  2    Int: 15    God:
Gold:   235        SH:  0    Dex: 18    Spells: 7/7 levels left

rFire   + . .        Y - +0 shortbow
rCold   . . .        (shield currently unavailable)
rNeg    . . .        e - +0 ring mail
rPois   .            (no helmet)
rElec   .            k - +0 cloak
rCorr   .            n - +0 pair of gloves
SInv    .            (no boots)
Will    .....        (no amulet)
Stlth   +            i - ring of protection from fire
HPRegen 0.27/turn    (no ring)
MPRegen 0.12/turn

%: no passive effects
@: sleeping, corroded
A: no striking features
a: no special abilities


You were on level 5 of the Dungeon.
You visited 2 branches of the dungeon, and saw 6 of its levels.

You collected 235 gold pieces.


   Skills:
 - Level 3.4 Fighting
 - Level 12.1 Ranged Weapons
 - Level 1.0 Armour
 + Level 3.3 Dodging
 - Level 1.2 Stealth


You had 7 spell levels left.
You didn't know any spells.
Your spell library was empty.

Inventory:

Hand Weapons
 Y - a +0 shortbow (weapon)
Armour
 e - a +0 ring mail (worn)
 k - a +0 cloak (worn)
 n - a +0 pair of gloves (worn)
Jewellery
 c - a ring of ice
 i - a ring of protection from fire (left hand)
Scrolls
 h - a scroll of identify
 o - 2 scrolls of teleportation
Potions
 a - a potion of might
 b - a potion of haste
 d - 2 potions of enlightenment
 f - a potion of mutation {unknown}
 g - 2 potions of resistance
 j - a potion of attraction {unknown}
 l - a potion of berserk rage {unknown}
 m - a potion of curing {unknown}

Dungeon Overview and Level Annotations

Branches:
Dungeon (5/15)             Temple (1/1) D:4

Altars:
Ashenzari
Cheibriados
Dithmenos
Elyvilon
Fedhas
Gozag
Hepliaklqana
Kikubaaqudgha
Nemelex Xobeh
Qazlal
Ru
Uskayaw
Wu Jian
Xom


Message History

Enter note:
Enter note:
Enter note:
Enter note:
Enter note:
Enter note: You shoot an arrow.
The arrow hits the sleepcap.
The sleepcap is moderately damaged.
You shoot an arrow. The arrow hits the sleepcap.
The sleepcap is heavily damaged.
The sleepcap releases spores at you.
You shoot an arrow. The arrow hits the sleepcap.
The sleepcap is heavily damaged.
The sleepcap closely misses you.
You shoot an arrow. The arrow hits the sleepcap.
The sleepcap is severely damaged.
The jelly closely misses you. The sleepcap closely misses you.
You shoot an arrow.
The arrow hits the sleepcap but does no damage.
The sleepcap is severely damaged.
The jelly hits you.
You are splashed with acid!
The sleepcap releases spores at you but does no damage.
You shoot an arrow.
The arrow hits the sleepcap but does no damage.
The sleepcap is severely damaged.
The jelly hits you.
You are splashed with acid!
The sleepcap releases spores at you!
You shoot an arrow.
The arrow hits the sleepcap but does no damage.
The sleepcap is severely damaged.
The jelly barely misses you.
The sleepcap releases spores at you but does no damage.
You shoot an arrow.
The arrow completely misses the sleepcap.
The jelly hits you. The acid corrodes you!
You are splashed with acid!
The sleepcap releases spores at you.
You are engulfed in a cloud of soporific spores!
You fall asleep.
The jelly hits you.
You die...

##..... #### ....... ###..<
....... #########..... .......
.............. .......
.............. .......
#########.....
#....f###########......
#J@........#.)##...
#>########......... #.
##........ #. ##........
.........# #. ##..##.####
....P....##
#..######..#######. #..P._...#
##.......<####(.)## ..
#..P.....##....##.....).#.))).
..##...PPP...#.#
#.......#...#)


You could see a sleepcap and a jelly.

Vanquished Creatures
  Grinder (D:3)
  Sigmund (D:3)
  A black bear (D:5)
  2 ogres (D:5)
  A scorpion (D:5)
  2 jellies (D:5)
  An orc priest (D:5)
  3 hounds
  An iguana (D:5)
  2 sleepcaps (D:5)
  Terence (D:2)
  3 orc wizards
  2 adders
  2 worms
  15 orcs
  2 ball pythons (D:2)
  A bat (D:3)
  8 endoplasms
  A giant cockroach (D:2)
  15 goblins
  6 hobgoblins
  6 quokkas
  3 frilled lizards
  5 kobolds
  2 rats
87 creatures vanquished.

Notes
Turn   | Place    | Note
-------+----------+-------------------------------------------
     0 | D:1      | qw the Deep Elf Hunter began the quest for the Orb.
     0 | D:1      | Reached XP level 1. HP: 12/12 MP: 3/3
     0 | D:1      | 0 ||| qw: Version: 0.3-a-9-g12657ce
     0 | D:1      | 0 ||| qw: Game counter: 3701
     0 | D:1      | 0 ||| qw: Always use a shield: true
     0 | D:1      | 0 ||| qw: God list: Okawaru
     0 | D:1      | 0 ||| qw: Allow faded altars: false
     0 | D:1      | 0 ||| qw: Do Orc after D:15 true
     0 | D:1      | 0 ||| qw: Do second Lair branch before Depths: true
     0 | D:1      | 0 ||| qw: Lair rune preference: random
     0 | D:1      | 0 ||| qw: Plans: Normal
     0 | D:1      | 0 ||| PLANNING D:1-11
   119 | D:1      | Reached XP level 2. HP: 16/16 MP: 4/4
   260 | D:1      | Reached skill level 6 in Ranged Weapons
   567 | D:1      | Found a faded altar of an unknown god.
   752 | D:1      | 752 ||| UPGRADING to +0 scale mail.
   762 | D:1      | 762 ||| DROPPING +0 leather armour.
   763 | D:1      | 763 ||| UPGRADING to +0 ring mail.
   773 | D:1      | 773 ||| DROPPING +0 scale mail.
   774 | D:1      | 774 ||| DROPPING scarf of invisibility.
   775 | D:1      | 775 ||| UPGRADING to +0 cloak.
   780 | D:1      | 780 ||| UPGRADING to +0 pair of gloves.
   785 | D:1      | 785 ||| READING scroll labelled ECISHR POERGHA.
   786 | D:1      | 786 ||| READING 2 scrolls labelled XOATUU DEMNEMOKK.
   787 | D:1      | 787 ||| DRINKING 2 sedimented ruby potions.
   788 | D:1      | 788 ||| DROPPING scroll of butterflies.
   987 | D:2      | Noticed Terence
   993 | D:2      | Killed Terence
   994 | D:2      | Reached skill level 7 in Ranged Weapons
   994 | D:2      | Reached XP level 3. HP: 20/20 MP: 5/5
  1389 | D:2      | Reached XP level 4. HP: 25/25 MP: 6/6
  1644 | D:2      | 1644 ||| READING scroll labelled MYZAUK COLOAVET.
  1645 | D:2      | 1645 ||| DRINKING 2 white potions.
  1646 | D:2      | 1646 ||| READING 2 scrolls of identify.
  1646 | D:2      | 1646 ||| IDENTIFYING smoky yellow potion
  1647 | D:2      | 1647 ||| DROPPING potion of ambrosia.
  1794 | D:3      | Reached skill level 8 in Ranged Weapons
  1959 | D:3      | Noticed Sigmund
  1961 | D:3      | 1961 ||| FLEEEEING.
  1977 | D:3      | Killed Sigmund
  1978 | D:3      | Reached skill level 9 in Ranged Weapons
  1978 | D:3      | Reached XP level 5. HP: 22/29 MP: 7/7
  2046 | D:3      | Reached XP level 6. HP: 34/34 MP: 8/8
  2118 | D:3      | Noticed Grinder
  2132 | D:3      | Killed Grinder
  2133 | D:3      | Reached skill level 3 in Fighting
  2529 | D:3      | 2529 ||| READING 3 scrolls labelled CYGACI ORUSTRA.
  2530 | D:3      | 2530 ||| READING scroll labelled IVVUAP JUEMM.
  2631 | D:3      | 2631 ||| READING 4 scrolls labelled ATELEH UNKAMED.
  2635 | D:3      | 2635 ||| READING 2 scrolls of identify.
  2635 | D:3      | 2635 ||| IDENTIFYING brown potion
  2636 | D:3      | 2636 ||| DROPPING 2 scrolls of noise.
  2741 | D:4      | Reached skill level 1 in Armour
  2767 | D:4      | Found a sparkling altar of Nemelex Xobeh.
  2900 | D:4      | Found a snail-covered altar of Cheibriados.
  2982 | D:4      | Found a staircase to the Ecumenical Temple.
  2983 | D:4      | 2983 ||| PLANNING TEMPLE
  2983 | D:4      | 2983 ||| UPGRADING to ring of protection from fire.
  2984 | D:4      | 2984 ||| READING scroll labelled CYSTRUR SEUPSUL.
  2985 | D:4      | 2985 ||| DRINKING 2 bubbling red potions.
  2991 | Temple   | Entered the Ecumenical Temple
  3028 | Temple   | 3028 ||| PLANNING D:1-11
  3431 | D:5      | Entered Level 5 of the Dungeon
  3447 | D:5      | Found a hide-covered altar of Uskayaw.
  3463 | D:5      | HP: 6/37 [ogre/+0 giant club (7)]
  3464 | D:5      | 3464 ||| READING 4 scrolls of teleportation.
  3468 | D:5      | Reached skill level 10 in Ranged Weapons
  3468 | D:5      | Reached XP level 7. HP: 8/41 MP: 9/9
  3473 | D:5      | 3473 ||| Stepping ~*~*~tactically~*~*~ (water).
  3476 | D:5      | 3476 ||| READING 3 scrolls of teleportation.
  3663 | D:5      | Reached skill level 3 in Dodging
  3690 | D:5      | 3690 ||| FLEEEEING.
  3691 | D:5      | 3691 ||| FLEEEEING.
  3692 | D:5      | 3692 ||| FLEEEEING.
  3703 | D:5      | 3703 ||| FLEEEEING.
  3704 | D:5      | 3704 ||| FLEEEEING.
  3716 | D:5      | 3716 ||| Stepping ~*~*~tactically~*~*~ (water).
  3717 | D:5      | 3717 ||| FLEEEEING.
  3718 | D:5      | 3718 ||| FLEEEEING.
  3728 | D:5      | 3728 ||| Stepping ~*~*~tactically~*~*~ (water).
  3794 | D:5      | 3794 ||| Invisibility monster not found???
  3922 | D:5      | Reached skill level 11 in Ranged Weapons
  4051 | D:5      | Reached XP level 8. HP: 30/46 MP: 10/10
  4074 | D:5      | 4074 ||| FLEEEEING.
  4076 | D:5      | 4076 ||| FLEEEEING.
  4109 | D:5      | 4109 ||| FLEEEEING.
  4193 | D:5      | Reached skill level 12 in Ranged Weapons
  4251 | D:5      | HP: 3/46 [acid (10)]
  4251 | D:5      | HP: 1/46 [sleepcap (2)]
  4252 | D:5      | Slain by a jelly

Levels and vault maps discovered:
D:1:      roderic_crop_circles_arrival_small, layout_basic,
          ebering_ecumenical_altar_abandoned
D:2:      layout_loops_corners, uniq_terence
D:3:      layout_basic, uniq_grinder, uniq_sigmund
D:4:      layout_gridville, cheibriados_altar_1, old_standard_altar,
          temple_green, minmay_misc_feat_tiny, serial_bayou_pond_d
D:5:      layout_rooms, mainiacjoe_overflow_chevrons, grunt_ministairs_2,
          chequers_big_river, minmay_ogre_servants
Temple:   nicolae_temple_ecumenical_triangle

Skill      XL: |  1  2  3  4  5  6  7  8 |
---------------+-------------------------+-----
Ranged Weapons | 7 9 10 11 12 | 12.1
Fighting       | 3 |  3.4
Armour         | 1 |  1.0
Dodging        | 3 |  3.3
Stealth        | |  1.2

Action                     |  1- 3 |  4- 6 |  7- 9 || total
---------------------------+-------+-------+-------++-------
   Fire: Shortbow          |    71 |   132 |   215 ||   418
    Use: Scroll            |     2 |     8 |     1 ||    11
         Potion            |     1 |     2 |       ||     3
 Armour: Ring mail         |     1 |    12 |    24 ||    37
  Dodge: Dodged            |     2 |    23 |    27 ||    52

Table legend:
 A = Non-vault XP
 B = Vault XP
 C = Vault XP percentage of total XP
 D = Non-vault monster count
 E = Vault monster count
 F = Vault count percentage of total count
                 A         B        C        D         E       F
            +---------+---------+-------+---------+---------+-------
      Total |     870 |     736 |  45.8 |      73 |      14 |  16.1
            +---------+---------+-------+---------+---------+-------
        D:1 |      21 |       0 |   0.0 |      13 |       0 |   0.0
        D:2 |      43 |      36 |  45.6 |      15 |       1 |   6.2
        D:3 |      84 |     481 |  85.1 |      17 |       2 |  10.5
        D:4 |      56 |       0 |   0.0 |       9 |       0 |   0.0
        D:5 |     666 |     219 |  24.7 |      19 |      11 |  36.7
            +---------+---------+-------+---------+---------+-------
